 Dungeon Crawl Stone Soup version 0.29-a0-613-gf2c431b9b9 (webtiles) character file.

Game seed: 9021934552722677290

1532 Vylera the Firebug (level 8, -2/56 HPs)
             Began as a Demonspawn Wanderer on June 16, 2022.
             Was a Believer of Makhleb.
             Slain by Duvessa
             ... wielding a +0 short sword
              (5 damage)
             ... on level 6 of the Dungeon.
             The game lasted 00:18:33 (4642 turns).

Vylera the Firebug (Demonspawn Wanderer)            Turns: 4642, Time: 00:18:34

Health: -2/56      AC: 13    Str: 11 (12) XL:     8   Next: 55%
Magic:  8/23       EV: 10    Int: 14 (16) God:    Makhleb [**....]
Gold:   292        SH:  0    Dex: 12 (13) Spells: 9/16 levels left

rFire   + . .      SeeInvis .   s - +2 spear (venom)
rCold   . . .      Faith    .   (no shield)
rNeg    . . .      Spirit   .   E - +3 leather armour {rF+}
rPois   .          Reflect  .   u - +0 helmet
rElec   .          Harm     .   B - +2 cloak {rCorr}
rCorr   +          Rampage  .   b - +0 pair of gloves
Will    .....                   (no boots)
Stlth   ++........              w - amulet of regeneration
HPRegen 0.98/turn               m - ring of magical power
MPRegen 0.36/turn               (no ring)

@: attractive, mesmerised
A: yellow scales 1, ignite blood 1, magic regeneration
a: Renounce Religion, Minor Destruction


You were on level 6 of the Dungeon.
You worshipped Makhleb.
Makhleb was pleased with you.
You visited 1 branch of the dungeon, and saw 7 of its levels.

You collected 292 gold pieces.

Inventory:

Hand Weapons
 a - a +0 hand axe
 p - a +1 dagger of protection
 r - a +4 hand axe
 s - a +2 spear of venom (weapon)
Missiles
 o - 3 atropa-tipped darts
 q - a throwing net
 v - 7 poisoned darts
 G - 2 boomerangs
Armour
 b - a +0 pair of gloves (worn)
 d - a +0 robe
 t - a +0 animal skin
 u - a +0 helmet (worn)
 B - a +2 cloak of preservation (worn)
 E - a +3 leather armour of fire resistance (worn)
Jewellery
 m - a ring of magical power (left hand)
 w - an amulet of regeneration (around neck)
Wands
 C - a wand of iceblast (17)
Scrolls
 c - a scroll of fear
 e - 2 scrolls of silence {unknown}
 h - 6 scrolls of teleportation {unknown}
 i - a scroll of acquirement {unknown}
 j - 3 scrolls of enchant armour {unknown}
 k - 3 scrolls of immolation {unknown}
 y - 3 scrolls of poison {unknown}
 D - a scroll of noise {unknown}
 H - a scroll of identify {unknown}
 I - a scroll of summoning {unknown}
 J - a scroll of magic mapping {unknown}
Potions
 f - a potion of attraction
 g - 2 potions of invisibility
 l - a potion of degeneration
 n - a potion of mutation {unknown}
 x - a potion of haste {unknown}
 z - a potion of might
 A - a potion of ambrosia {unknown}
 F - a potion of heal wounds {unknown}
 K - a potion of curing {unknown}


   Skills:
 - Level 2.0 Fighting
 - Level 1.7 Axes
 - Level 1.7 Stealth
 + Level 4.6 Spellcasting
 - Level 3.5 Conjurations
 * Level 7.1 Fire Magic
 + Level 5.2 Invocations
 - Level 1.0 Evocations


You had 9 spell levels left.
You knew the following spells:

 Your Spells              Type           Power      Damage    Failure   Level
a - Foxfire               Conj/Fire      72%        2x1d7     2%          1
b - Scorch                Fire           46%        2d7       1%          2
c - Sticky Flame          Conj/Fire      18%        2d4       26%         4

Your spell library contained the following spells:

 Spells                   Type           Power      Damage    Failure   Level
 Apportation              Tloc           6%         N/A       24%         1
 Necrotize                Necr           12%        1d4       24%         1
 Sandblast                Erth           6%         2d5       24%         1
 Summon Small Mammal      Summ           12%        N/A       24%         1
 Flame Wave               Conj/Fire      18%        2d6       26%         4
 Stone Arrow              Conj/Erth      16%        3d8       34%         3
 Passwall                 Tmut/Erth      2%         N/A       36%         2
 Mephitic Cloud           Conj/Pois/Air  6%         N/A       41%         3
 Summon Cactus Giant      Summ           1%         N/A       100%        6


Dungeon Overview and Level Annotations

Branches:
Dungeon (7/15)
 Temple: D:4-7

Altars:
Makhleb

Shops:
D:1 =   D:6 *

Annotations:
D:6 Dowan, Duvessa, Maggie


Innate Abilities, Weirdness & Mutations

You are partially covered in yellow scales. (AC +2)
Your demonic aura sometimes causes spilled blood to erupt in flames.
You regenerate magic rapidly.


Message History

Maggie casts a spell.
Maggie draws you further into her thrall.
You cannot move away from Maggie!
You closely miss Duvessa.
Duvessa is moderately wounded.
Maggie closely misses you. Duvessa hits you with a +0 short sword.
Casting: Scorch (safe; 1% risk of failure)
Confirm with . or Enter, or press ? or * to list all spells.
You conjure some foxfire!
Maggie is no longer more vulnerable to fire.
Maggie hits you from afar with a +1 halberd of flaming.
Maggie burns you.
Duvessa drinks a potion.
Duvessa seems to grow stronger.
Okay, then.
Casting: Foxfire (safe; 2% risk of failure)
Confirm with . or Enter, or press ? or * to list all spells.
You conjure some foxfire!
Duvessa barely misses you.
Maggie hits you from afar with a +1 halberd of flaming!
* * * LOW HITPOINT WARNING * * *
Maggie burns you.
* * * LOW HITPOINT WARNING * * *
It was a potion of attraction.
You feel attractive to monsters.
Duvessa is no longer more vulnerable to fire.
The foxfire hits Duvessa but does no damage.
Duvessa is moderately wounded.
The foxfire hits Duvessa.
Duvessa is moderately wounded.
The foxfire hits Duvessa but does no damage.
Duvessa is moderately wounded.
The foxfire hits Duvessa!
Duvessa is heavily wounded.
Dowan says, "Where the sword fails, magic succeeds!"
Duvessa hits you with a +0 short sword.
* * * LOW HITPOINT WARNING * * *
Maggie barely misses you.
It was a potion of degeneration.
There was something very wrong with that liquid.
You feel weakened.
You feel dopey.
You feel clumsy. Maggie barely misses you.
Duvessa hits you with a +0 short sword.
You die...

#.............#
#.###########.# #.#
##.## #)# ##...## #)#
#####.....## ##.##
#...>†.....#
##...####.###....(.#
#.#.....§.............
#.....e@§.....#.......
#...#@#########.##.##.#
##.∩e## #.# .# .#
#####..## .# # #......#
#.####.#
##.####e######.
...............
#######..#####.


You could see Maggie (mesmerising), Duvessa (strong) and Dowan.

Vanquished Creatures
  Pikel (D:3)
  Sigmund (D:3)
  Eustachio (D:4)
  Menkaure (D:4)
  Edmund (D:6)
  2 scorpions
  3 hounds
  An orc priest (D:3)
  Crazy Yiuf (D:3)
  Jessica (D:3)
  2 orc wizards
  Robin (D:3)
  5 adders
  3 gnolls (D:3)
  A white imp (D:5)
  2 worms
  25 orcs
  7 ball pythons
  6 endoplasms
  2 giant cockroaches (D:4)
  17 goblins
  8 hobgoblins
  5 jackals
  2 quokkas
  2 bats (D:2)
  14 frilled lizards
  5 kobolds
  4 rats
124 creatures vanquished.

Vanquished Creatures (others)
  64 foxfires
64 creatures vanquished.

Grand Total: 188 creatures vanquished

Notes
Turn   | Place    | Note
-------+----------+-------------------------------------------
     0 | D:1      | Vylera the Demonspawn Wanderer began the quest for the Orb.
     0 | D:1      | Vylera set off with the following items: a +0 hand axe, a
                  | +0 pair of gloves, a scroll of fear, a +0 robe; and the
                  | following spell memorised: Foxfire; and the following
                  | spells available to memorise: Mephitic Cloud, Sticky Flame.
     0 | D:1      | Reached XP level 1. HP: 16/16 MP: 2/2
   119 | D:1      | Reached skill level 1 in Fire Magic
   119 | D:1      | Gained mutation: You regenerate magic rapidly. [demonic
                  | ancestry]
   119 | D:1      | Reached XP level 2. HP: 19/22 MP: 3/3
   720 | D:1      | Found Amojoyrr's Jewellery Boutique.
   870 | D:2      | Reached XP level 3. HP: 11/27 MP: 0/4
  1527 | D:2      | Reached skill level 2 in Fire Magic
  1535 | D:2      | Learned a level 2 spell: Scorch
  2003 | D:3      | Reached XP level 4. HP: 33/33 MP: 5/5
  2385 | D:3      | Noticed Robin
  2423 | D:3      | Killed Robin
  2424 | D:3      | Reached skill level 3 in Fire Magic
  2626 | D:3      | Found a burning altar of Makhleb.
  2635 | D:3      | Became a worshipper of Makhleb the Destroyer
  2754 | D:3      | Noticed Jessica
  2759 | D:3      | Killed Jessica
  2760 | D:3      | Gained mutation: Your demonic aura sometimes causes spilled
                  | blood to erupt in flames. [demonic ancestry]
  2760 | D:3      | Reached XP level 5. HP: 38/38 MP: 7/7
  2859 | D:3      | Noticed Sigmund
  2867 | D:3      | Killed Sigmund
  2868 | D:3      | Reached skill level 4 in Fire Magic
  2868 | D:3      | Reached XP level 6. HP: 40/44 MP: 9/9
  3211 | D:3      | Found a runed translucent door.
  3212 | D:3      | Noticed Crazy Yiuf
  3292 | D:3      | Killed Crazy Yiuf
  3372 | D:4      | Reached skill level 1 in Invocations
  3487 | D:4      | Learned a level 4 spell: Sticky Flame
  3514 | D:4      | Noticed Pikel
  3571 | D:3      | Killed Pikel
  3572 | D:3      | Reached skill level 5 in Fire Magic
  3572 | D:3      | Gained mutation: You are partially covered in yellow
                  | scales. (AC +2) [demonic ancestry]
  3572 | D:3      | Reached XP level 7. HP: 46/50 MP: 12/12
  3647 | D:4      | Reached skill level 6 in Fire Magic
  3720 | D:4      | Reached * piety under Makhleb
  3763 | D:4      | Noticed Menkaure
  3769 | D:4      | Killed Menkaure
  3770 | D:4      | Reached XP level 8. HP: 31/56 MP: 14/14
  3809 | D:4      | Noticed Eustachio
  3843 | D:4      | Killed Eustachio
  4232 | D:5      | Entered Level 5 of the Dungeon
  4475 | D:5      | You fall into a shaft and drop 2 floors!
  4590 | D:6      | Reached ** piety under Makhleb
  4591 | D:6      | Reached skill level 5 in Invocations
  4591 | D:6      | Found Vuerenow's Mayhem Merchandise.
  4606 | D:6      | Noticed Edmund
  4612 | D:6      | Noticed Duvessa
  4613 | D:6      | Noticed Maggie
  4618 | D:6      | Killed Edmund
  4619 | D:6      | Reached skill level 7 in Fire Magic
  4624 | D:6      | Noticed Dowan
  4641 | D:6      | HP: 2/56 [Duvessa/+0 short sword (3)]
  4642 | D:6      | Slain by Duvessa

Illustrated notes

Levels and vault maps discovered:
D:1:      evilmike_arrival_fibonacci_small, layout_basic, serial_shops,
          shop_fountains
D:2:      layout_rooms, minmay_lizard_pond
D:3:      layout_loops_corners, overflow_temple_1_default,
          uniq_crazy_yiuf_cottage, uniq_robin, uniq_sigmund, uniq_jessica
D:4:      layout_loops_cross, st_stairs_10, uniq_pikel, uniq_eustachio,
          uniq_menkaure
D:5:      layout_gridville, guppyfry_early_orc_mine, uniq_grinder
D:6:      layout_loops_ring, minmay_temple_entry_antechambers,
          minmay_shop_mayhem, uniq_edmund, uniq_duvessa, uniq_maggie
D:7:      wander_river, layout_basic, minmay_hollow_rounded_squares

Skill      XL: |  1  2  3  4  5  6  7  8 |
---------------+-------------------------+-----
Fire Magic     | 1 2 3 4 5 6 7 |  7.1
Conjurations   | 3 |  3.5
Spellcasting   | 2 3 4 |  4.6
Invocations    | 3 4 5 |  5.2
Fighting       | |  2.0
Axes           | |  1.7
Stealth        | |  1.7
Evocations     | |  1.0

Action                   |  1- 3 |  4- 6 |  7- 9 || total
-------------------------+-------+-------+-------++-------
Melee: Hand axe          |   113 |    10 |       ||   123
       Punch             |     2 |       |     1 ||     3
       Dagger            |     5 |     3 |       ||     8
       Spear             |       |    51 |   128 ||   179
 Cast: Foxfire           |    13 |    19 |    15 ||    47
       Scorch            |     1 |    25 |    13 ||    39
       Sticky Flame      |       |     1 |       ||     1
  Use: Potion            |       |       |     3 ||     3
 Stab: Sleeping          |     2 |     2 |     3 ||     7
       Invisible         |       |       |     1 ||     1
Armor: Robe              |    36 |    21 |    15 ||    72
       Leather armour    |       |       |    21 ||    21
Dodge: Dodged            |    94 |    56 |    52 ||   202

Table legend: (Time is in decaauts)
 A = Elapsed time spent in this place.
 B = Non-inter-level travel time spent in this place.
 C = Inter-level travel time spent in this place.
 D = Time resting spent in this place.
 E = Time spent auto-exploring this place.
 F = Levels seen in this place.
 G = Mean time per level.
                   A        B        C        D        E       F      G
               +--------+--------+--------+--------+--------+-----+--------+
         Total |   4677 |   4500 |    177 |    233 |   3265 |   7 |  668.1 |
       Dungeon |   4677 |   4500 |    177 |    233 |   3265 |   7 |  668.1 |
               +--------+--------+--------+--------+--------+-----+--------+

Top non-repeatable levels by time:
     D:3: 1547 daAuts
     D:2: 1037 daAuts
     D:1: 843 daAuts
     D:4: 835 daAuts
     D:5: 243 daAuts
     D:7: 87 daAuts
     D:6: 83 daAuts
